Map: At Eternity's Edge LE

Players

ViBE - Winner!

  • Race: Protoss Protoss
  • League: Master

GRAVER

  • Race: Terran Terran
  • League: Gold

VOD

Have the link to the VOD?

Description

Time

  • Played on: Oct. 24, 2026, 6:12 p.m.
  • Length: 15:42
Show
View Real Time Build Order
Export as new Build Order

ViBE Protoss - Winner!

Build Orders: 1 Gate Expand, Archon Immortal 

Get SALT Encoding   

  12  0:00  Probe  
  13  0:12  Probe  
  14  0:18  Pylon  
  14  0:24  Probe  
  15  0:36  Probe (Chrono Boost)  
  15  0:38  Gateway  
  16  0:46  Assimilator  
  16  0:48  Probe (Chrono Boost)  
  17  0:53  Probe (Chrono Boost)  
  18  1:03  Probe  
  19  1:15  Probe  
  20  1:21  Nexus  
  20  1:27  Probe  
  21  1:35  Cybernetics Core  
  21  1:39  Probe  
  22  1:45  Pylon  
  22  1:51  Probe  
  23  1:59  Assimilator  
  23  2:04  Probe (Chrono Boost)  
  24  2:15  Probe (Chrono Boost)  
  25  2:16  Stalker, Warp Gate  
  25  2:19  Probe (Chrono Boost)  
  28  2:27  Pylon  
  28  2:33  Probe (Chrono Boost)  
  28  2:34  Probe (Chrono Boost)  
  30  2:43  Probe (Chrono Boost), Robotics Facility  
  32  2:45  Probe (Chrono Boost)  
  32  2:48  Stalker  
  34  2:51  Probe  
  34  2:54  Probe  
  36  3:01  Shield Battery  
  36  3:03  Probe  
  37  3:06  Probe (Chrono Boost)  
  37  3:12  Pylon  
  38  3:16  Probe (Chrono Boost)  
  38  3:18  Probe (Chrono Boost)  
  40  3:22  Stalker  
  40  3:24  Probe (Chrono Boost)  
  40  3:25  Probe (Chrono Boost)  
  44  3:29  Probe  
  44  3:30  Observer  
  46  3:37  Probe  
  47  3:41  Probe  
  47  3:44  Nexus  
  48  3:49  Probe  
  48  3:54  Probe  
  50  3:56  Immortal  
  50  4:01  Pylon  
  54  4:04  Stalker  
  54  4:06  Pylon, Probe  
  54  4:09  Probe (Chrono Boost)  
  58  4:13  Assimilator  
  58  4:14  Assimilator  
  58  4:18  Pylon  
  58  4:19  Probe (Chrono Boost)  
  58  4:21  Probe (Chrono Boost)  
  60  4:29  Probe (Chrono Boost)  
  60  4:30  Probe (Chrono Boost)  
  62  4:34  Probe (Chrono Boost)  
  62  4:35  Probe  
  64  4:43  Immortal  
  64  4:45  Probe  
  65  4:47  Probe  
  65  4:52  Stalker  
  74  5:00  Probe (Chrono Boost)  
  74  5:01  Probe (Chrono Boost)  
  74  5:03  Probe (Chrono Boost)  
  75  5:09  Gateway  
  75  5:10  Gateway  
  75  5:11  Probe (Chrono Boost)  
  75  5:13  Probe (Chrono Boost)  
  75  5:14  Probe (Chrono Boost)  
  78  5:16  Probe (Chrono Boost), Stalker  
  78  5:21  Immortal (Chrono Boost), Probe  
  81  5:23  Probe  
  81  5:28  Probe  
  88  5:33  Probe  
  88  5:34  Nexus  
  88  5:35  Pylon, Probe  
  89  5:38  Pylon  
  89  5:40  Probe  
  89  5:42  Stalker  
  93  5:45  Probe  
  93  5:47  Probe  
  95  5:51  Pylon  
  95  5:52  Probe  
  95  5:56  Assimilator  
  96  5:57  Assimilator, Probe  
  96  6:00  Probe, Twilight Council  
  96  6:02  Stalker x2  
  102  6:04  Immortal (Chrono Boost)  
  102  6:05  Stalker  
  102  6:08  Probe  
  102  6:10  Probe  
  110  6:12  Probe  
  111  6:20  Probe  
  111  6:22  Probe  
  111  6:24  Probe  
  114  6:25  Forge  
  114  6:27  Forge  
  114  6:31  Gateway  
  115  6:32  Probe  
  115  6:33  Stalker  
  115  6:34  Stalker x2, Probe  
  122  6:41  Probe  
  122  6:45  Probe  
  122  6:46  Probe, Immortal (Chrono Boost)  
  128  6:51  Gateway  
  128  6:52  Gateway  
  128  6:54  Gateway  
  128  6:55  Pylon  
  128  6:58  Pylon, Probe  
  128  6:59  Probe x3  
  132  7:04  Stalker x2, Protoss Ground Weapons Level 1 (Chrono Boost), Protoss Ground Armor Level 1 (Chrono Boost)  
  132  7:05  Stalker  
  138  7:12  Templar Archives  
  138  7:13  Assimilator  
  138  7:15  Assimilator, Immortal (Chrono Boost)  
  142  7:28  Stalker x4  
  150  7:37  Nexus  
  150  7:43  Pylon  
  150  7:45  Pylon  
  150  7:48  Immortal (Chrono Boost)  
  150  7:49  Pylon  
  154  7:54  Stalker  
  156  8:02  High Templar x3  
  156  8:03  High Templar  
  156  8:04  High Templar x2  
  168  8:10  Pylon  
  168  8:11  Archon x3  
  168  8:20  Immortal (Chrono Boost)  
  168  8:22  Pylon  
  168  8:25  Pylon  
  170  8:28  Robotics Facility x2, Stalker  
  170  8:30  Pylon  
  170  8:38  Stalker x2  
  170  8:39  Stalker x4  
  182  8:48  Protoss Ground Weapons Level 2 (Chrono Boost), Protoss Ground Armor Level 2 (Chrono Boost)  
  182  8:51  Gateway  
  182  8:52  Gateway  
  182  8:55  Gateway, Immortal (Chrono Boost)  
  186  8:57  Gateway  
  186  8:59  Stalker  
  186  9:02  Stalker x3  
  194  9:03  Stalker x3  
  200  9:15  Gateway x2  
  200  9:16  Photon Cannon  
  200  9:18  Photon Cannon  
  200  9:19  Shield Battery  
  200  9:20  Shield Battery  
  200  9:23  Photon Cannon  
  200  9:24  Shield Battery  
  200  9:27  Photon Cannon  
  200  9:29  Shield Battery  
  200  9:39  Photon Cannon  
  200  9:41  Shield Battery  
  200  9:43  Immortal x2  
  200  9:45  Immortal  
  182  9:50  Nexus  
  182  9:51  Pylon  
  164  9:54  Pylon  
  164  9:55  High Templar x2  
  164  9:56  High Templar  
  164  9:57  High Templar  
  164  9:58  High Templar x2, Pylon  
  152  10:01  Stalker  
  132  10:11  Stalker x2  
  132  10:12  Stalker x3  
  126  10:14  Archon x2  
  126  10:15  Archon  
  126  10:19  Stalker  
  124  10:22  Assimilator  
  124  10:23  Assimilator  
  124  10:30  Stalker x2  
  124  10:31  Stalker x3  
  124  10:34  Assimilator  
  124  10:35  Assimilator  
  134  10:41  Immortal x2  
  142  10:46  Immortal  
  146  11:02  Stalker x5  
  146  11:03  Stalker x3  
  162  11:08  Stalker  
  162  11:09  Stalker  
  162  11:10  Stalker  
  168  11:12  Protoss Ground Weapons Level 3 (Chrono Boost)  
  168  11:15  Stalker  
  168  11:16  Stalker, Protoss Ground Armor Level 3 (Chrono Boost)  
  172  11:27  High Templar x2  
  172  11:31  Immortal  
  180  11:33  Archon  
  180  11:36  Immortal  
  184  11:41  Immortal  
  188  11:47  High Templar x2  
  188  11:49  Stalker x2  
  188  11:51  Stalker  
  188  11:53  Stalker  
  200  11:59  Archon  
  200  12:24  Photon Cannon, Shield Battery  
  186  13:00  Immortal, Stalker  
  186  13:01  Immortal x2, Stalker x5  
  186  13:02  Stalker x6  
  186  13:03  Stalker  
  150  13:27  Immortal x2  
  150  13:28  Immortal  
  150  13:32  Stalker x3  
  150  13:33  Stalker x6  
  150  13:34  Stalker x2  
  164  13:35  Stalker x2  
  164  13:37  Protoss Shields Level 1 (Chrono Boost)  
  172  13:59  High Templar x2  
  172  14:00  High Templar x5  
  172  14:01  High Templar x5  
  172  14:02  High Templar  
  188  14:05  Archon x6  
  188  14:09  Immortal x2  
  196  14:12  Immortal  
  200  14:59  Immortal x2 (Chrono Boost)  
  188  15:16  High Templar x4  
  188  15:17  High Templar x4  
  198  15:24  Archon x3  
  198  15:25  Archon  
  198  15:27  Stalker x3  
  198  15:28  Stalker  
Show
View Real Time Build Order
Export as new Build Order

GRAVER Terran 

Build Orders: 2 Factory, Mech 

Get SALT Encoding   

  12  0:00  SCV  
  13  0:13  SCV  
  14  0:17  Supply Depot  
  14  0:25  SCV  
  15  0:38  SCV  
  15  0:42  Barracks  
  16  0:49  Refinery  
  16  0:52  Refinery  
  16  0:54  SCV  
  17  1:07  SCV  
  18  1:21  SCV  
  19  1:32  Command Center  
  19  1:35  SCV  
  20  1:48  SCV  
  20  1:50  Supply Depot  
  20  1:52  Marine  
  22  2:00  SCV  
  23  2:12  SCV, Factory  
  25  2:19  Barracks Tech Lab  
  24  2:37  Orbital Command  
  24  2:44  Orbital Command  
  24  2:48  Marine  
  25  2:59  Supply Depot  
  25  3:15  Barracks Reactor  
  25  3:16  Factory, Siege Tank  
  25  3:19  SCV  
  29  3:23  SCV  
  30  3:31  SCV  
  31  3:34  Supply Depot  
  31  3:35  SCV  
  32  3:43  SCV  
  32  3:47  SCV  
  34  3:49  Siege Tank  
  37  3:58  Supply Depot  
  37  4:11  Barracks Tech Lab  
  37  4:13  Factory  
  37  4:17  Command Center  
  37  4:18  SCV x2  
  39  4:29  Siege Tank  
  39  4:30  SCV x2  
  44  4:41  Supply Depot  
  44  4:42  Armory, SCV x2  
  46  4:47  Refinery  
  46  4:48  Refinery  
  46  4:52  Hellion  
  48  4:54  SCV  
  48  4:55  SCV, Hellion  
  48  4:58  Factory Tech Lab  
  52  5:07  Hellion  
  54  5:10  SCV  
  54  5:11  SCV  
  56  5:23  SCV x2  
  58  5:31  Supply Depot  
  58  5:36  SCV  
  58  5:37  SCV  
  60  5:48  SCV  
  60  5:49  SCV, Armory  
  62  5:51  Terran Vehicle Weapons Level 1  
  62  5:53  Thor  
  62  5:55  Hellion  
  62  5:56  Hellion  
  62  5:57  Thor  
  72  6:01  SCV x2  
  80  6:08  Orbital Command  
  80  6:09  Factory  
  80  6:13  SCV x2  
  82  6:23  Command Center  
  82  6:25  SCV x2  
  84  6:37  SCV x2  
  86  6:53  Thor x2  
  98  6:56  Hellion  
  100  7:05  Supply Depot x2  
  100  7:06  Supply Depot x2  
  100  7:07  Supply Depot  
  100  7:08  Supply Depot  
  100  7:17  SCV  
  101  7:27  SCV x2, Hellion  
  101  7:28  Terran Vehicle And Ship Armor Level 1  
  106  7:30  SCV  
  106  7:36  Thor  
  112  7:39  SCV x2  
  112  7:42  SCV  
  115  7:46  Factory  
  115  7:49  Thor  
  121  7:54  Barracks Tech Lab  
  121  7:55  Refinery  
  121  7:57  Refinery  
  121  7:59  Orbital Command  
  121  8:02  SCV x3  
  124  8:09  Thor  
  124  8:10  Hellion x2  
  134  8:14  SCV x3  
  137  8:26  SCV x2  
  138  8:32  Thor  
  138  8:33  Thor  
  149  8:34  Hellion  
  149  8:35  Hellion  
  149  8:39  Infernal Pre-Igniter  
  153  9:04  Factory  
  153  9:05  Factory  
  153  9:13  Hellion x6  
  153  9:20  Refinery x2, SCV  
  154  9:26  SCV x3  
  157  9:32  SCV  
  157  9:38  SCV x3  
  159  9:44  SCV, Thor  
  160  9:45  Thor  
  160  9:47  Thor  
  160  9:52  SCV x2  
  147  9:53  SCV  
  147  9:56  SCV  
  147  9:59  Hellbat  
  137  10:00  Hellbat  
  137  10:04  SCV  
  137  10:05  SCV x2  
  119  10:08  SCV  
  118  10:21  Hellbat x2  
  122  10:27  Thor  
  128  10:28  Thor  
  128  10:30  Thor  
  140  10:41  Command Center  
  140  10:47  Factory  
  140  10:48  Factory  
  140  10:50  Factory  
  140  10:59  SCV x3  
  140  11:00  SCV  
  144  11:07  Supply Depot  
  144  11:09  Supply Depot x2  
  144  11:10  Thor  
  150  11:11  SCV x3, Thor  
  150  11:12  SCV, Supply Depot  
  160  11:33  SCV x3  
  160  11:34  SCV  
  160  11:37  Command Center  
  164  11:42  Factory Tech Lab  
  164  11:43  Factory Tech Lab x2  
  164  11:48  Command Center  
  164  11:49  Factory  
  164  11:53  Command Center  
  164  11:55  Command Center  
  164  11:57  Factory x2  
  164  12:01  Factory  
  164  12:15  Thor x3  
  182  12:23  Thor  
  188  12:34  Factory  
  167  12:57  Thor  
  167  12:58  Terran Vehicle Weapons Level 2, Terran Vehicle And Ship Armor Level 2  
  159  13:01  Thor  
  100  13:22  Hellbat  
  100  13:23  Hellbat  
  94  13:29  Thor  
  94  13:41  Hellbat  
  92  13:44  Hellbat x2  
  92  13:45  Hellbat  
  92  14:02  Thor  
  92  14:05  Thor  
  98  14:12  Thor  
  104  14:21  SCV x3  
  104  14:23  Hellion  
  104  14:24  Hellion  
  111  14:33  SCV x3  
  114  14:43  SCV  
  114  14:44  Thor  
  114  14:45  Hellion x2, SCV x2  
  126  14:46  SCV  
  126  14:48  Thor  
  133  14:55  Hellion, SCV  
  133  14:58  SCV  
  111  15:06  Hellion x2  
  103  15:07  SCV  
  103  15:10  SCV  
  92  15:19  SCV  
  73  15:22  SCV  
Tags
 
Add a new tag
Caveats
  • Supply blocks, unpowered buildings, or Contaminate may cause inaccurate times.
  • Supply counts are checked every 10 seconds.